 Dungeon Crawl Stone Soup version 0.25.1-2-g60ff931df9 (webtiles) character file.

Game seed: 3423870589758338749

225 Delamore the Skirmisher (level 6, 0/40 HPs)
             Began as a Gargoyle Fighter on Oct 14, 2020.
             Was an Initiate of Okawaru.
             Slain by a phantom (4 damage)
             ... on level 4 of the Dungeon.
             The game lasted 00:02:24 (3155 turns).

Delamore the Skirmisher (Gargoyle Fighter)          Turns: 3155, Time: 00:02:24

Health: 0/40       AC: 12    Str: 21    XL:     6   Next: 1%
Magic:  6/6        EV:  8    Int:  9    God:    Okawaru [......]
Gold:   88         SH:  9    Dex:  9    Spells: 5/5 levels left

rFire    + . .     SeeInvis .   a - +0 flail
rCold    . . .     Gourm    .   c - +0 kite shield
rNeg     + . .     Faith    .   s - +2 ring mail {rF+}
rPois    ∞         Spirit   .   (no helmet)
rElec    +         Reflect  .   (no cloak)
rCorr    .         Harm     .   (no gloves)
MR       .....                  (no boots)
Stlth    ..........             (no amulet)
HPRegen  0.13/turn              q - ring of attention (curse)
MPRegen  0.10/turn              (no ring)

@: no status effects
A: negative energy resistance 1, electricity resistance, unbreathing,
petrification resistance, rot immunity, AC +4
a: Renounce Religion


You were on level 4 of the Dungeon.
You worshipped Okawaru.
Okawaru was noncommittal.
You were hungry.

You visited 2 branches of the dungeon, and saw 5 of its levels.

You collected 88 gold pieces.

Inventory:

Hand Weapons
 a - a +0 flail (weapon)
Armour
 b - a +0 scale mail
 c - a +0 kite shield (worn)
 s - a +2 ring mail of fire resistance (worn)
Jewellery
 q - a cursed ring of attention (left hand)
Scrolls
 e - 2 scrolls of teleportation {unknown}
 h - 2 scrolls of magic mapping {unknown}
 l - 2 scrolls of identify {unknown}
 m - a scroll of enchant armour {unknown}
 n - a scroll of blinking {unknown}
 o - a scroll of random uselessness {unknown}
 r - a scroll of immolation {unknown}
Potions
 d - 2 potions of might
 g - a potion of brilliance {unknown}
 i - a potion of invisibility {unknown}
 j - a potion of magic {unknown}
 k - a potion of cancellation {unknown}
Comestibles
 f - 5 rations


   Skills:
 + Level 4.9 Fighting
 + Level 3.7 Maces & Flails
 - Level 3.2 Armour
 + Level 4.9 Shields


You had 5 spell levels left.
You didn't know any spells.
Your spell library was empty.

Dungeon Overview and Level Annotations

Branches:
Dungeon (4/15)             Temple (1/1) D:4

Altars:
Ashenzari
Dithmenos
Fedhas
Hepliaklqana
Nemelex Xobeh
Okawaru
Qazlal
Ru
Trog
Uskayaw

Annotations:
D:3 Purgy


Innate Abilities, Weirdness & Mutations

You are resistant to torment.
Your stone body is resilient. (AC +4)
You are immune to poison.
You resist negative energy. (rN+)
You are resistant to electric shocks. (rElec)
You can survive without breathing.
You are immune to petrification.
You are immune to rotting.


Message History

The phantom hits you.
* * * LOW HITPOINT WARNING * * *
You hit the phantom but do no damage.
The phantom is almost destroyed.
You block the phantom's attack.
You barely miss the phantom.
The phantom is almost destroyed.
The phantom blinks!
The phantom blinks!
You closely miss the phantom.
The phantom is almost destroyed.
The phantom blinks!
Found a stone staircase leading down.
The phantom hits you but does no damage.
You barely miss the phantom.
The phantom is almost destroyed.
The phantom hits you!
* * * LOW HITPOINT WARNING * * *
The phantom hits you.
You die...

###..# ##.## #
##..# ###. ...##
###..# ########
#####....##
[.......
.....#....#
.#######
##.$.....## .#
#..#......## ##
##.....@....# #
#..#...W....# #
##..#.........#
#..#..........#
##..#...........#
#...#.......%...#
##..##..?.......>#
#...##...........#
#..###...........


You could see a phantom.

Vanquished Creatures
  An orc priest (D:3)
  2 orc wizards (D:3)
  A worker ant (D:4)
  6 adders
  A dart slug (D:1)
  3 leopard geckos
  10 orcs
  5 bats
  2 giant cockroaches
  4 goblins
  3 hobgoblins
  A frilled lizard (D:1)
  4 kobolds
  7 rats
50 creatures vanquished.

Notes
Turn   | Place    | Note
-------+----------+-------------------------------------------
     0 | D:1      | Delamore the Gargoyle Fighter began the quest for the Orb.
     0 | D:1      | Reached XP level 1. HP: 14/14 MP: 1/1
   352 | D:1      | Reached XP level 2. HP: 19/19 MP: 2/2
   728 | D:2      | Reached XP level 3. HP: 24/24 MP: 3/3
  1427 | D:3      | Reached XP level 4. HP: 25/29 MP: 4/4
  1554 | D:3      | Found a shadowy altar of Dithmenos.
  1555 | D:3      | Found a stormy altar of Qazlal.
  1596 | D:3      | Found a sacrificial altar of Ru.
  1945 | D:3      | Noticed Purgy
  2352 | D:3      | Reached XP level 5. HP: 28/34 MP: 5/5
  2780 | D:4      | Found a staircase to the Ecumenical Temple.
  2821 | Temple   | Entered the Ecumenical Temple
  2937 | Temple   | Became a worshipper of Warmaster Okawaru
  3118 | D:4      | Noticed a phantom
  3126 | D:4      | Reached XP level 6. HP: 40/40 MP: 6/6
  3155 | D:4      | Slain by a phantom

Illustrated notes

Levels and vault maps discovered:
D:1:      dpeg_arrival_central, layout_basic, minmay_pentomino_p4
D:2:      layout_basic, serial_glass, glass_columns_a, glass_columns_a
D:3:      minmay_octagon_keep, layout_basic, zin_scriptorium,
          gammafunk_temple_overflow_statue, nicolae_overflow_crystal_walls,
          first_ration, chequers_ecumenical_altar_island, uniq_purgy
D:4:      layout_cave_pods, minmay_temple_entry_tees, serial_shops, shop
Temple:   nicolae_temple_figure_eight

Skill      XL: |  1  2  3  4 |
---------------+-------------+-----
Fighting       | 4 |  4.9
Shields        | 4 |  4.9
Maces & Flails | 3 |  3.7
Armour         | |  3.2

Action                   |  1- 3 |  4- 6 || total
-------------------------+-------+-------++-------
Melee: Flail             |   119 |   175 ||   294
  Eat: Chunk             |     2 |     5 ||     7
Armor: Scale mail        |    77 |    75 ||   152
       Ring mail         |       |    22 ||    22
Dodge: Dodged            |    39 |    64 ||   103
Block: Kite shield       |    73 |   119 ||   192
